 Dungeon Crawl Stone Soup version 0.31.0-12-g77e489cdc1 (webtiles) character file.

Game seed: 17296657942683402388

28 ChadusMaximus the Caller (level 3, 0/24 HPs)
             Began as a Barachi Summoner on Mar 3, 2024.
             Slain by a goblin
             ... wielding a +0 club
              (4 damage)
             ... on level 2 of the Dungeon.
             The game lasted 00:01:14 (958 turns).

ChadusMaximus the Caller (Barachi Summoner)          Turns: 958, Time: 00:01:14

Health: 0/24       AC:  3    Str:  9    XL:     3   Next: 14%
Magic:  4/6        EV: 12    Int: 17    God:
Gold:   84         SH:  0    Dex: 12    Spells: 6/7 levels left

rFire   . . .        f - +0 sling
rCold   . . .        (no shield)
rNeg    . . .        a - +0 robe
rPois   .            (no helmet)
rElec   .            (no cloak)
rCorr   .            (no gloves)
SInv    .            h - +0 pair of boots
Will    .....        (no amulet)
Stlth   ++           (no ring)
HPRegen 0.24/turn    (no ring)
MPRegen 0.10/turn

%: no passive effects
@: slow
A: amphibious, slowness 1, strong legs 1, +LOS
a: Hop


You were on level 2 of the Dungeon.
You visited 1 branch of the dungeon, and saw 2 of its levels.

You collected 84 gold pieces.

Inventory:

Hand Weapons
 e - a +0 short sword
 f - a +0 sling (weapon)
Armour
 a - a +0 robe (worn)
 h - a +0 pair of boots (worn)
Jewellery
 c - a ring of ice
Scrolls
 d - a scroll of teleportation {unknown}
 i - a scroll of vulnerability {unknown}
Potions
 b - a potion of magic
 g - a potion of mutation {unknown}


   Skills:
 + Level 2.6 Dodging
 - Level 1.7 Stealth
 + Level 2.6 Spellcasting
 * Level 5.4 Summonings


You had 6 spell levels left.
You knew the following spells:

 Your Spells              Type           Power      Damage    Failure   Level
a - Summon Small Mammal   Summ           80%        N/A       1%          1

Your spell library contained the following spells:

 Spells                   Type           Power      Damage    Failure   Level
 Call Imp                 Summ           40%        N/A       3%          2
 Call Canine Familiar     Summ           20%        N/A       6%          3
 Summon Blazeheart Golem  Fire/Summ      11%        N/A       52%         4
 Summon Lightning Spire   Summ/Air       11%        N/A       52%         4


Dungeon Overview and Level Annotations

Branches:
Dungeon (2/15)

Altars:


Innate Abilities, Weirdness & Mutations

You are amphibious.
You cover ground slowly.
You can hop short distances.
You have an extended range of vision and can be seen from far away.


Message History

Your quokka misses the goblin.
Your rat barely misses the goblin.
The goblin closely misses you.
Your quokka closely misses the goblin.
Your rat barely misses the goblin.
The goblin barely misses you.
Unknown command.
You shoot a sling bullet.
The sling bullet barely misses the goblin.
Your quokka barely misses the goblin.
Your rat closely misses the goblin.
The goblin hits you with a +0 club.
* * * LOW HITPOINT WARNING * * *
Your quokka barely misses the goblin.
Unknown command.
You shoot a sling bullet.
The sling bullet closely misses the goblin.
Your rat misses the goblin. The goblin hits you with a +0 club.
* * * LOW HITPOINT WARNING * * *
Your quokka closely misses the goblin.
Your rat misses the goblin.
Unknown command.
Unknown command.
You shoot a sling bullet.
The sling bullet barely misses the goblin.
Your quokka completely misses the goblin.
The goblin barely misses you.
Your quokka bites the goblin.
Your rat barely misses the goblin.
The goblin barely misses you.
Unknown command.
You shoot a sling bullet.
The sling bullet barely misses the goblin.
Your quokka misses the goblin.
Your rat bites the goblin.
The goblin dies!
The goblin closely misses you.
Unknown command.
Unknown command.
You shoot a sling bullet.
The sling bullet completely misses the goblin.
The goblin hits you but does no damage.
Your quokka barely misses the goblin.
The goblin hits you but does no damage.
Unknown command.
You shoot a sling bullet.
The sling bullet closely misses the goblin.
Your quokka barely misses the goblin.
The goblin hits you with a +0 club.
You die...

# #.#
####.#..#.#####..# .
#.####................#
.
#...........>##########
. ######.###>.## .# #.#
#..# #.# #..#
##########.# #..#
#........#)###..#
#.....)...rrg@..#
##8...).8#.###..#
#....)..#.# #..#
#8.....8#.# #..#
#.......#.# ..#
#8.....8#.# ..#
#.......### ...
#8.....8# #.# #..).?..#
.#


You could see a goblin (ally target), a friendly quokka (summoned) and a
friendly rat (summoned).

Vanquished Creatures
  2 ball pythons (D:1)
  2 bats
  An endoplasm (D:2)
  A giant cockroach (D:2)
  2 goblins (D:2)
  2 hobgoblins
  2 kobolds (D:1)
  2 quokkas (D:1)
  A frilled lizard (D:1)
  5 rats (D:1)
20 creatures vanquished.

Vanquished Creatures (collateral kills)
  A hobgoblin (D:1)
  3 goblins (D:2)
  2 kobolds (D:1)
6 creatures vanquished.

Grand Total: 26 creatures vanquished

Notes
Turn   | Place    | Note
-------+----------+-------------------------------------------
     0 | D:1      | ChadusMaximus the Barachi Summoner began the quest for the
                  | Orb.
     0 | D:1      | Reached XP level 1. HP: 13/13 MP: 3/3
   189 | D:1      | Reached skill level 5 in Summonings
   209 | D:1      | Reached XP level 2. HP: 16/19 MP: 5/5
   936 | D:2      | Reached XP level 3. HP: 22/24 MP: 3/6
   958 | D:2      | Slain by a goblin

Illustrated notes

Levels and vault maps discovered:
D:1:      dpeg_arrival_houses_and_road, layout_loops_ring
D:2:      kennysheep_the_goblin_king, layout_loops_ring

Skill      XL: |  1 |
---------------+----+-----
Summonings     | 5 |  5.4
Dodging        | |  2.6
Stealth        | |  1.7
Spellcasting   | |  2.6

Action                     || total
---------------------------++-------
  Melee: Unarmed           ||    16
         Short sword       ||    14
         Punch             ||     1
   Fire: Sling             ||    59
   Cast: Summon Small Mamm ||    11
 Armour: Robe              ||    42
  Dodge: Dodged            ||    72
